 Dungeon Crawl Stone Soup version 0.27.1-1-g398f81649c (webtiles) character file.

Game seed: 10622747816821857118

600942 ABBCCCDDDD the Sensei (level 27, -6/213 HPs)
             Began as an Octopode Delver on Sept 4, 2021.
             Was the Champion of Hepliaklqana.
             Mangled by a tentacled monstrosity (13 damage)
             ... on level 2 of the Realm of Zot on Sept 5, 2021.
             The game lasted 02:50:12 (73956 turns).

ABBCCCDDDD the Sensei (Octopode Delver)            Turns: 73956, Time: 02:50:13

Health: -6/213     AC: 36    Str:  7    XL:     27
Magic:  42/42      EV: 21    Int: 23    God:    Hepliaklqana [******]
Gold:   2201       SH: 22    Dex: 18    Spells: 19/56 levels left

rFire    + + +     SeeInvis +     - Unarmed
rCold    + + .     Faith    .   h - +4 kite shield {rF+}
rNeg     + + +     Spirit   .   C - +1 hat of the Shore {rF+ Regen+}
rPois    ∞         Reflect  +   g - amulet "Meihumm" {Reflect rC+ SH+5}
rElec    +         Harm     .   A - ring of see invisible
rCorr    +         Rampage  .   I - ring of protection from fire
Will     ++++.                  J - ring of willpower
Stlth    ++++++....             R - ring of Zerphemo {rC+ rN+ Str-4 Dex+4 Stlth+}
HPRegen  1.45/turn              M - +4 ring of protection
MPRegen  0.28/turn              z - ring of wizardry
                                l - +4 ring of protection
                                j - ring "Miastrurph" {rPois rN++ Will+ rCorr Str-2}

@: statue-form (expiring), slowed, constricted, studying 3 skills, very slow
A: slow and powerful, torment resistance 1, boosted hp, reduced essence, almost
no armour, amphibious, 8 rings, camouflage 1, (gelatinous body 1), (nimble
swimmer 1), tentacles, deterioration 1, frail 1
}: 3/15 runes: decaying, serpentine, silver
a: End Transformation, Renounce Religion, Recall Ancestor, Ancestor Identity,
Transference, Idealise


You were on level 2 of the Realm of Zot.
You worshipped Hepliaklqana.
Hepliaklqana was exalted by your worship.
You were a living statue of rough stone.
You visited 9 branches of the dungeon, and saw 46 of its levels.
You also visited: Sewer, Bailey, Gauntlet and Desolation.

You collected 6690 gold pieces.
You spent 4489 gold pieces at shops.

Inventory:

Hand Weapons
 D - the +5 scythe "Finisher" {speed, eviscerate}
   (You found it on level 2 of the Depths)

   Attacks with this weapon are significantly faster.
   It may eviscerate those it strikes, slaying them instantly, with a decreasing
   chance against stronger foes.
Missiles
 y - 8 silver javelins
 X - 3 throwing nets
Armour
 h - a +4 kite shield of fire resistance (worn)
 C - the +1 hat of the Shore (worn) {rF+ Regen+}
   (You acquired it on level 1 of the Crypt)

   rF:        It protects you from fire.
   Regen:     It increases your rate of health regeneration.
Jewellery
 c - the ring of Caresch {*Corrode AC+4 Str+8 Int-4 Dex+8}
   (You found it in the Desolation of Salt)

   [ring of protection]

   AC:        It affects your AC (+4).
   Str:       It affects your strength (+8).
   Int:       It affects your intelligence (-4).
   Dex:       It affects your dexterity (+8).
   *Corrode:  It may corrode you when you take damage.
 g - the amulet "Meihumm" (around mantle) {Reflect rC+ SH+5}
   (You bought it in a shop on level 1 of the Snake Pit)

   [amulet of reflection]

   It reflects blocked missile attacks.
   rC:        It protects you from cold.
   SH:        It affects your SH (+5).
 j - the ring "Miastrurph" (on tentacle) {rPois rN++ Will+ rCorr Str-2}
   (You took it off an imperial myrmidon in the Desolation of Salt)

   [ring of willpower]

   Str:       It affects your strength (-2).
   rPois:     It protects you from poison.
   rN:        It greatly protects you from negative energy.
   rCorr:     It protects you from acid and corrosion.
   Will:      It increases your willpower.
 l - a +4 ring of protection (on tentacle)
 n - the ring "Qaoxo" {Str+6 Stlth+}
   (You took it off a draconian annihilator on level 1 of the Crypt)

   [ring of strength]

   Str:       It affects your strength (+6).
   Stlth:     It makes you more stealthy.
 z - a ring of wizardry (on tentacle)
 A - a ring of see invisible (left tentacle)
 I - a ring of protection from fire (right tentacle)
 J - a ring of willpower (on tentacle)
 M - a +4 ring of protection (on tentacle)
 R - the ring of Zerphemo (on tentacle) {rC+ rN+ Str-4 Dex+4 Stlth+}
   (You found it on level 4 of the Depths)

   [ring of positive energy]

   Str:       It affects your strength (-4).
   Dex:       It affects your dexterity (+4).
   rC:        It protects you from cold.
   rN:        It protects you from negative energy.
   Stlth:     It makes you more stealthy.
 T - an amulet of regeneration
 Y - a ring of flight
Wands
 f - a wand of digging (13)
 o - a wand of flame (112)
 E - a wand of mindburst (35) (quivered)
 G - a wand of iceblast (55)
 K - a wand of paralysis (19)
 L - a wand of acid (38)
 V - a wand of charming (51)
Scrolls
 b - 11 scrolls of fog
 d - 5 scrolls of fear
 i - 10 scrolls of enchant weapon
 p - 6 scrolls of immolation
 q - 2 scrolls of blinking
 s - 3 scrolls of enchant armour
 u - 10 scrolls of teleportation
 w - 2 scrolls of holy word
 P - 25 scrolls of identify
 Q - 5 scrolls of torment
 U - 4 scrolls of silence
Potions
 e - 4 potions of haste
 k - 2 potions of berserk rage
 m - 9 potions of flight
 r - 9 potions of brilliance
 t - 21 potions of curing
 v - 4 potions of ambrosia
 x - 3 potions of might
 B - 13 potions of heal wounds
 H - 4 potions of attraction
 N - 8 potions of lignification
 O - 4 potions of cancellation
 S - 3 potions of resistance
 W - 4 potions of invisibility
 Z - 3 potions of mutation
Miscellaneous
 a - a condenser vane
 F - a phantom mirror


   Skills:
 + Level 21.3 Fighting
 - Level 3.6 Short Blades
 - Level 8.0 Throwing
 - Level 18.0 Dodging
 - Level 6.6 Stealth
 - Level 15.0 Shields
 + Level 21.3 Unarmed Combat
 - Level 15.0 Spellcasting
 - Level 8.0 Conjurations
 * Level 13.8 Necromancy
 * Level 14.4 Transmutations
 - Level 9.1 Ice Magic
 - Level 11.0 Earth Magic
 - Level 10.0 Evocations


You had 19 spell levels left.
You knew the following spells:

 Your Spells              Type           Power      Damage    Failure   Level
a - Frozen Ramparts       Ice            100%       1d12      1%          3
b - Hailstorm             Conj/Ice       54%        3d12      1%          4
c - Ice Form              Ice/Tmut       64%        N/A       1%          4
d - Lee's Rapid Deconstr  Erth           30%        3d17*     1%          5
e - Statue Form           Tmut/Erth      44%        N/A       1%          6
f - Borgnjor's Vile Clut  Necr/Erth      32%        N/A       1%          5
g - Blink                 Tloc           N/A        N/A       1%          2
h - Borgnjor's Revivific  Necr           34%        N/A       28%         8

Your spell library contained the following spells:

 Spells                   Type           Power      Damage    Failure   Level
 Animate Skeleton         Necr           100%       N/A       0%          1
 Sublimation of Blood     Necr           34%        N/A       0%          2
 Foxfire                  Conj/Fire      100%       2x1d9     1%          1
 Freeze                   Ice            100%       1d11      1%          1
 Magic Dart               Conj           100%       1d8       1%          1
 Sting                    Tmut/Pois      100%       1d8       1%          1
 Summon Small Mammal      Summ           68%        N/A       1%          1
 Call Imp                 Summ           17%        N/A       1%          2
 Poisonous Vapours        Pois/Air       34%        N/A       1%          2
 Searing Ray              Conj           100%       3d7       1%          2
 Slow                     Hex            17%        N/A       1%          2
 Static Discharge         Conj/Air       35%        N/A       1%          2
 Dazzling Flash           Conj/Hex       70%        N/A       1%          3
 Mephitic Cloud           Conj/Pois/Air  29%        N/A       1%          3
 Vampiric Draining        Necr           34%        2d10      1%          3
 Animate Dead             Necr           34%        N/A       1%          4
 Dispel Undead            Necr           69%        3d23      1%          4
 Leda's Liquefaction      Hex/Erth       21%        N/A       1%          4
 Petrify                  Tmut/Erth      66%        N/A       1%          4
 Blade Hands              Tmut           35%        N/A       1%          5
 Excruciating Wounds      Necr           34%        N/A       1%          5
 Yara's Violent Unravell  Hex/Tmut       25%        3d11      1%          5
 Death Channel            Necr           34%        N/A       1%          6
 Simulacrum               Ice/Necr       31%        N/A       1%          6
 Fulminant Prism          Conj/Hex       17%        3d11      2%          4
 Iskenderun's Mystic Bla  Conj/Tloc      35%        2d8       2%          4
 Sticky Flame             Conj/Fire      35%        2d5       2%          4
 Freezing Cloud           Conj/Ice/Air   21%        6-21      3%          5
 Call Canine Familiar     Summ           17%        N/A       4%          3
 Confusing Touch          Hex            17%        N/A       4%          3
 Gell's Gravitas          Tloc           8%         N/A       4%          3
 Lesser Beckoning         Tloc           8%         N/A       4%          3
 Summon Guardian Golem    Hex/Summ       17%        N/A       4%          3
 Teleport Other           Tloc           17%        N/A       4%          3
 Iron Shot                Conj/Erth      28%        9d6       4%          6
 Metabolic Englaciation   Hex/Ice        19%        N/A       6%          5
 Fireball                 Conj/Fire      17%        3d9       8%          5
 Lightning Bolt           Conj/Air       17%        1d32      8%          5
 Olgreb's Toxic Radiance  Pois           17%        N/A       13%         4
 Passage of Golubria      Tloc           N/A        N/A       13%         4
 Summon Lightning Spire   Summ/Air       17%        N/A       13%         4
 Necromutation            Tmut/Necr      35%        N/A       26%         8
 Infestation              Necr           34%        N/A       28%         8
 Manifold Assault         Tloc           17%        N/A       34%         5
 Silence                  Hex/Air        8%         N/A       34%         5
 Summon Forest            Summ/Tloc      8%         N/A       34%         5
 Conjure Ball Lightning   Conj/Air       17%        3x3d6     36%         6
 Starburst                Conj/Fire      17%        6d6       36%         6
 Haunt                    Necr/Summ      24%        N/A       52%         7
 Lehudib's Crystal Spear  Conj/Erth      28%        10d8      85%         8
 Dispersal                Tloc           8%         N/A       87%         6
 Death's Door             Necr           34%        N/A       98%         9
 Malign Gateway           Summ/Tloc      8%         N/A       100%        7
 Discord                  Hex            8%         N/A       100%        8
 Disjunction              Tloc           8%         N/A       100%        8
 Ignition                 Fire           8%         3d5       100%        8
 Maxwell's Capacitive Co  Air            8%         ∞         100%        8
 Summon Horrible Things   Summ           8%         N/A       100%        8
 Polar Vortex             Ice            28%        N/A       100%        9
 Shatter                  Erth           30%        3d25*     100%        9
 Animate Armour           Summ/Erth      Unusable   N/A       N/A         4

Dungeon Overview and Level Annotations

Branches:
Dungeon (15/15)            Temple (0/1) D:5            Lair (6/6) D:9
  Swamp (4/4) Lair:2        Snake (4/4) Lair:4        Slime (0/5) Lair:6
    Orc (2/2) D:9             Elf (0/3) Orc:2        Vaults (5/5) D:14
  Crypt (3/3) Vaults:2       Tomb (0/3) Crypt:3      Depths (5/5) D:15
    Zot (2/5) Depths:5      Sewer (visited)          Bailey (visited)
Desolation (visited)      Gauntlet (visited)

Altars:
Elyvilon
Gozag
Hepliaklqana
Kikubaaqudgha
Makhleb
Okawaru
Ru
Sif Muna
Trog
Uskayaw
Xom
Yredelemnul
Zin
The Shining One
Beogh

Shops:
D:7 [(==(   D:8 (   D:10 *[   Orc:2 (:*[   Snake:1 *   Snake:2 (((
Vaults:4 **   Depths:3 :=:

Portals:
Hell: Depths:1 Depths:2 Depths:3 Depths:4 Depths:5
Abyss: Depths:2 Depths:4
Pandemonium: Depths:3 Depths:4
Ziggurat: Depths:1

Annotations:
D:14 3 runed translucent doors, PeterMcNeter's ghost, adept GrEE
Lair:1 2 transporters, exclusion: oklob plant, MrNoob's ghost, journeyman MiBe
Lair:6 exclusion: 2 oklob plants
Vaults:4 3 runed translucent doors, exclusion: obsidian statue, Tang's ghost, master DsGl


Innate Abilities, Weirdness & Mutations

You are a living statue of rough stone.
Your actions are slow, but your melee attacks are powerful.
You are resistant to unholy torment.
Your maximum health is greatly increased.
You are immune to poison.
Your life essence is reduced to manifest your ancestor. (-10% HP)
You cannot wear most types of armour.
You are amphibious.
You can wear up to eight rings at the same time.
Your skin changes colour to match your surroundings (Stealth+).
((Your rubbery body absorbs attacks. (AC +1, EV +1)))
((You are camouflaged near water. (Stealth+)))
You have tentacles for arms and can constrict up to eight enemies at once.
Your body sometimes deteriorates upon taking damage.
You are frail. (-10% HP)


Message History

You block the yellow draconian's attack.
The red draconian knight hits you from afar with a +3 halberd.
* * * LOW HITPOINT WARNING * * *
You block the tentacled monstrosity's attack.
The tentacled monstrosity tentacle-slaps you.
* * * LOW HITPOINT WARNING * * *
The tentacled monstrosity tentacle-slaps you.
* * * LOW HITPOINT WARNING * * *
The golden dragon misses you. x2
The golden dragon tramples you but does no damage.
The death cob hits you.
* * * LOW HITPOINT WARNING * * *
The yellow draconian spits acid at you. The glob of acid misses you.
The glob of acid hits the red draconian!
The red draconian is splashed with acid.
The acid corrodes the red draconian!
The acid splashes onto the golden dragon!
The golden dragon is splashed with acid.
The acid corrodes the golden dragon!
The red draconian hits you but does no damage.
The tentacled monstrosity tentacle-slaps you.
* * * LOW HITPOINT WARNING * * *
You block the tentacled monstrosity's attack.
The tentacled monstrosity completely misses you.
The tentacled monstrosity constricts you.
The green draconian completely misses you.
The red draconian knight hits you but does no damage.
The tentacled monstrosity tentacle-slaps you but does no damage.
The tentacled monstrosity barely misses you.
The tentacled monstrosity tentacle-slaps you but does no damage.
The golden dragon bites you.
* * * LOW HITPOINT WARNING * * *
The golden dragon completely misses you.
The golden dragon tramples you but does no damage.
The death cob completely misses you.
The yellow draconian hits you with a +0 long sword!
* * * LOW HITPOINT WARNING * * *
The tentacled monstrosity tentacle-slaps you!
You die...

#######+###
#.........#
####.........#
...'.........#
#.dd......#
#..X(dX...+
#.)qX8z...#
#.÷...D...#
#....d....#
#.........#
+.........'.
#.........#.#
#....).$..# #
#..........
#######+##


You could see 3 tentacled monstrosities, a red draconian knight (invisible), a
golden dragon (corroded), 2 draconians, a green draconian, a red draconian
(corroded) and a death cob.

Levels and vault maps discovered:
D:1:      amcnicky_arrival_gap_in_the_tavern_cellar, layout_loops_cross,
          shapermc_ecumenical_altar_mp_ritualfount, dk_noncrumbling_2,
          minmay_misc_feat_doors, grunt_decor_one_mirror
D:2:      layout_loops_cross, basic_altar, serial_bayou_pond_a
D:3:      layout_rooms, nicolae_overflow_hidden_temple,
          cheibrodos_sewer_entry_drain, kennysheep_doodads, patterned_corridor,
          uniq_jessica
D:4:      layout_loops_corners, good_gods_mini_temple, uniq_crazy_yiuf_cottage
D:5:      layout_gridville, hangedman_ru_absence, minmay_temple_entry_offerings,
          uniq_prince_ribbit1
D:6:      cheibrodos_quashed, layout_rooms, ebering_ghost_xom,
          nicolae_lava_and_water
D:7:      layout_loops_ring, serial_shops, kennysheep_little_box, shop,
          shop_fountains, nicolae_square_shop, kennysheep_mini_moat,
          serial_rivers, chequers_serial_rivers_large_b,
          chequers_serial_rivers_small_3, chequers_serial_rivers_small_a,
          chequers_serial_rivers_room_a, chequers_serial_rivers_micro_e,
          chequers_serial_rivers_room_a, kennysheep_generic_room_4, uniq_harold
D:8:      layout_basic, enter_bailey_5, nicolae_shop_firing_range
D:9:      minmay_shrinking_squares, layout_basic, david_lair_generic,
          orc_0_dummy, eino_tiny_chamber
D:10:     layout_roguey [special_room_orc], xom_confusion_cloud, serial_shops,
          nicolae_shop_trees, nicolae_stop_n_shop_2
D:11:     minmay_octagon_keep, layout_rooms, chequers_garden
D:12:     layout_grid_maze, fungi_pond_lemuel
D:13:     layout_roguey
D:14:     layout_basic, grunt_vaults_entry_tiered, gauntlet_entry_generic,
          biasface_ghost_orc_armoury, serial_park_paths
          [serial_park_minivault_5x5_8], minmay_pinched_square
D:15:     grunt_enter_depths_hoard, layout_long_grid, nicolae_uskayaw_en_pointe
Lair:1:   layout_regular_city, nzn_ghost_randoct, uniq_erica, uniq_grum
Lair:2:   layout_cave_pods, swamp_mist_pool
Lair:3:   layout_roguey, beast_lair_carwin_6, grunt_megastairs_1,
          lemuel_fruit_fields, uniq_fannar
Lair:4:   kb_forest_paths, layout_loops_ring, minmay_snake_entry_guardpost_small
Lair:5:   layout_gridlike, uniq_josephine
Lair:6:   minmay_lair_end_frog_pond, layout_loops_ring,
          minmay_slime_entry_oklob_enclosed, lookout_lair_type,
          gammafunk_lair_bear_cave
Swamp:1:  layout_basic_swamp, evilmike_swamp_ruin_rubble_1
Swamp:2:  layout_basic_swamp, gammafunk_ghost_cemetery,
          nicolae_swamp_round_clearing, infiniplex_staircase_pool
Swamp:3:  nzn_winding_woodlands_medium [nzn_winding_woodlands_5x5_cross,
          nzn_winding_woodlands_5x15_pool, nzn_winding_woodlands_5x5_three,
          nzn_winding_woodlands_hourglass, nzn_winding_woodlands_center_lodge,
          nzn_winding_woodlands_5x5_checkerboard,
          nzn_winding_woodlands_5x5_open_star,
          nzn_winding_woodlands_5x15_default,
          nzn_winding_woodlands_5x5_closed_star], layout_basic_swamp,
          nicolae_swamp_tree_designs, swamp_pool2
Swamp:4:  swamp, layout_basic_swamp, uniq_bai_suzhen
Snake:1:  layout_honeycomb, nicolae_shop_sticking_my_neck_out,
          grunt_megastairs_5
Snake:2:  layout_rooms, serial_shops, shop, basic_altar, minmay_shop_star,
          grunt_megastairs_4, uniq_aizul
Snake:3:  layout_basic, uniq_vashnia
Snake:4:  grunt_snake_rune_serpentine_throne, layout_cave_town
Orc:1:    nicolae_orc_accident_2, layout_caves, trog_butcher_becter
Orc:2:    pubby_orc_utopia, serial_shops, uniq_nessos
Vaults:1: vaults_dpeg_ring, v_misc_19, v_misc_15, hangedman_vaults_corner,
          vaults_dpeg_cross, nicolae_vaults_network_periphery, v_rooms_5,
          v_misc_23, hangedman_vaults_locks, nicolae_vaults_network_barrier,
          nicolae_vaults_network_s, nicolae_vaults_shelves_hall,
          layout_vaults_omnicross, portal_desolation_entry_garden,
          uniq_saint_roka, uniq_asterion
Vaults:2: minmay_crypt_entry_nasty_monster, nicolae_vaults_circle_grid_b,
          vaults_dpeg_hooks, sword_in_stone, vaults_room_pool,
          hangedman_vaults_snaps, nicolae_vaults_theta, layout_vaults_quadrants
Vaults:3: hangedman_vaults_variations, v_misc_2, v_pattern_5,
          hangedman_vaults_trim, hangedman_vaults_slither,
          nicolae_vaults_specimen_jars, nicolae_vaults_what_the_h,
          ontoclasm_vaults_twist, vaults_dpeg_encased_lava,
          layout_vaults_chaotic_city
Vaults:4: ebering_vaults_ghost_gozag, vaults_room_grid,
          hangedman_vaults_stretched_pinwheel, hangedman_vaults_unwind,
          nicolae_vaults_murderbox, nicolae_vaults_mini_display_case,
          nicolae_vaults_yaktaur_gun_rack, v_misc_24, v_misc_2,
          vaults_mumra_minichess_inversion, layout_vaults_maze_snakey
Vaults:5
Crypt:1:  evilmike_wizard_prison, layout_chaotic_city, item_on_display_a,
          grunt_crypt_arrival_split, grunt_megastairs_3, lemuel_upstairs_altar
Crypt:2:  ragdoll_tomb_raider, layout_misc_corridors
Crypt:3:  church_of_pain_bobbens, layout_chaotic_city,
          nicolae_tomb_entry_grand_gallery, ebering_ghost_xom
Depths:1: layout_gridlike, enter_ziggurat_b,
          hangedman_abyss_or_decor_lesser_grid, hellmouth_1,
          minmay_tree_intersection, hangedman_decor_peaks_small,
          kennysheep_small_square, uniq_mara
Depths:2: minmay_sliced_demisemicircle, layout_cave_pools,
          minmay_misc_feat_pillars, hangedman_abyss_entry_splay, hell_entry,
          infiniplex_staircase_x
Depths:3: minmay_dotted_concentric_squares, layout_twisted_cross,
          rand_demon_pan_entry_5, amcnicky_mini_pool_small, grunt_hell_horde,
          nzn_life_drinkers, infiniplex_staircase_pool_1, minmay_shop_grove
Depths:4: lemuel_castle_with_subvaults [lemuel_castle_interior_carwin_1],
          layout_honeycomb, grunt_hell_entry_dis_grunt, pan_entry,
          minmay_misc_feat_more_columns, abyss_entry, firewood_loft,
          infiniplex_staircase_zigzag_3, uniq_frederick
Depths:5: evilmike_zot_entry_diamond, layout_basic, hangedman_coc_ice_floe,
          lemuel_another_geyser
Zot:1:    layout_misc_corridors, grunt_megastairs_2
Zot:2:    layout_gridlike, lemuel_flame_loot_1

Notes
Turn   | Place    | Note
-------+----------+-------------------------------------------
     0 | D:5      | ABBCCCDDDD the Octopode Delver began the quest for the Orb.
     0 | D:5      | Reached XP level 1. HP: 16/16 MP: 1/1
     9 | D:5      | Noticed a water moccasin zombie
    34 | D:5      | Reached XP level 2. HP: 10/21 MP: 2/2
   213 | D:5      | Noticed a scorpion
   402 | D:5      | Reached XP level 3. HP: 22/26 MP: 3/3
   700 | D:5      | Found a sacrificial altar of Ru.
   758 | D:4      | Found a glowing golden altar of the Shining One.
   758 | D:4      | Found a glowing silver altar of Zin.
   758 | D:4      | Found a white marble altar of Elyvilon.
   813 | D:4      | Noticed a phantom
  1034 | D:4      | Noticed a scorpion
  1051 | D:3      | Found an ancient bone altar of Kikubaaqudgha.
  1084 | D:3      | Noticed a phantom
  1096 | D:3      | Found a glowing drain.
  1131 | Sewer    | Entered a sewer
  1176 | Sewer    | Reached skill level 1 in Spellcasting
  1180 | Sewer    | Learned a level 3 spell: Frozen Ramparts
  1525 | Sewer    | Reached skill level 1 in Ice Magic
  1554 | Sewer    | Reached XP level 4. HP: 29/31 MP: 5/5
  2034 | D:3      | Noticed Jessica
  2598 | D:1      | Reached XP level 5. HP: 36/36 MP: 6/6
  3046 | D:1      | Found a faded altar of an unknown god.
  3488 | D:2      | Found a hazy altar of Hepliaklqana.
  3876 | D:2      | Became a worshipper of Hepliaklqana the Forgotten
  4138 | D:3      | Killed Jessica
  4571 | D:4      | Found a runed translucent door.
  4572 | D:4      | Noticed Crazy Yiuf
  4656 | D:3      | Found an iron altar of Okawaru.
  4656 | D:3      | Found a basalt altar of Yredelemnul.
  4656 | D:3      | Found a shimmering blue altar of Sif Muna.
  4696 | D:5      | Noticed a necrophage
  4714 | D:5      | Killed a necrophage
  4715 | D:5      | Reached XP level 6. HP: 41/43 MP: 7/7
  4727 | D:5      | Found a staircase to the Ecumenical Temple.
  4880 | D:5      | Noticed Prince Ribbit
  4967 | D:5      | Noticed a black bear
  5285 | D:5      | Reached skill level 5 in Ice Magic
  5288 | D:5      | Reached XP level 7. HP: 35/48 MP: 4/8
  5514 | D:6      | Learned a level 4 spell: Hailstorm
  5579 | D:6      | Reached * piety under Hepliaklqana
  5713 | D:6      | Reached skill level 1 in Conjurations
  6169 | D:6      | Found a runed translucent door.
  6170 | D:6      | Found a shimmering altar of Xom.
  6170 | D:6      | Noticed amoeba's ghost (novice MiGl)
  6171 | D:6      | Noticed a +1 quarterstaff of chaos
  6365 | D:6      | Reached XP level 8. HP: 46/48 MP: 8/10
  6579 | D:7      | Noticed Harold
  6754 | D:7      | Found Vatejih's Weapon Shop.
  6782 | D:7      | Found Poiphaag's Antique Weapon Shop.
  6784 | D:7      | Reached skill level 5 in Fighting
  6792 | D:7      | Learned a level 4 spell: Ice Form
  7060 | D:7      | Found Fohuu's Jewellery Shop.
  7068 | D:7      | Bought a ring of see invisible for 150 gold pieces
  7136 | D:7      | Reached skill level 1 in Transmutations
  7306 | D:7      | Noticed a shadow
  7318 | D:7      | Killed a shadow
  7378 | D:7      | Noticed a troll
  7444 | D:7      | Killed a troll
  7445 | D:7      | Reached XP level 9. HP: 41/55 MP: 5/14
  7669 | D:7      | Found Suummaod's Jewellery Boutique.
  7702 | D:7      | Found Naere's Armour Shop.
  8448 | D:8      | Reached ** piety under Hepliaklqana
  8449 | D:8      | Remembered your ancestor Iltani as a battlemage
  8558 | D:8      | Noticed a two-headed ogre
  8762 | D:8      | Found a flagged portal.
  8776 | Bailey   | Entered a bailey
  9038 | Bailey   | Noticed an orc knight
  9177 | Bailey   | Killed an orc knight
  9178 | Bailey   | Reached skill level 5 in Conjurations
  9332 | D:8      | Found Optastroci's Firing Range.
  9344 | D:8      | Reached skill level 5 in Transmutations
  9443 | D:8      | Noticed a hornet
  9459 | D:8      | Reached skill level 1 in Evocations
  9460 | D:8      | Killed a hornet
  9461 | D:8      | Reached skill level 5 in Spellcasting
  9606 | D:8      | Reached XP level 10. HP: 61/61 MP: 12/17
 10109 | D:8      | Noticed a two-headed ogre
 10117 | D:8      | Killed a two-headed ogre
 10518 | D:8      | Killed a two-headed ogre
 10756 | D:9      | Reached skill level 1 in Unarmed Combat
 10967 | D:9      | Noticed an elephant
 10979 | D:9      | Killed an elephant
 11074 | D:9      | Found a staircase to the Lair.
 11398 | D:9      | Reached XP level 11. HP: 64/64 MP: 11/18
 11648 | D:9      | Found a staircase to the Orcish Mines.
 11849 | D:9      | Noticed a centaur warrior
 11849 | D:9      | Noticed a green ugly thing
 11873 | D:9      | Killed a green ugly thing
 11977 | D:9      | Killed a centaur warrior
 12127 | D:9      | Found the +6 shillelagh "Devastator" {shatter}
 12128 | D:9      | Noticed a yaktaur captain
 12128 | D:9      | Noticed a yaktaur captain
 12266 | D:9      | Reached *** piety under Hepliaklqana
 12440 | D:10     | Entered Level 10 of the Dungeon
 12828 | D:10     | Killed a two-headed ogre
 12903 | D:10     | Found a shimmering altar of Xom.
 13097 | D:10     | Found Toojomn's Armour Shoppe.
 13716 | Lair:1   | Entered Level 1 of the Lair of Beasts
 13716 | Lair:1   | Found a transporter.
 13738 | Lair:1   | Noticed Grum
 13744 | Lair:1   | Killed Grum
 14241 | Lair:1   | Reached skill level 5 in Unarmed Combat
 14241 | Lair:1   | Reached skill level 5 in Evocations
 14378 | Lair:1   | Reached XP level 12. HP: 73/73 MP: 12/19
 14526 | Lair:1   | Found a transporter.
 14551 | Lair:1   | Reached **** piety under Hepliaklqana
 14586 | Lair:1   | Noticed Erica
 14593 | Lair:1   | Killed Erica
 14701 | Lair:1   | Noticed MrNoob's ghost (journeyman MiBe)
 16101 | Lair:2   | Reached ***** piety under Hepliaklqana
 16162 | Lair:2   | Found a staircase to the Swamp.
 16391 | Lair:3   | Noticed a five-headed hydra
 16398 | Lair:3   | Killed a five-headed hydra
 16620 | Lair:3   | Identified a scroll of acquirement
 16623 | Lair:3   | Acquired 459 gold pieces
 16790 | Lair:3   | Noticed Fannar
 16810 | Lair:3   | Killed Fannar
 17070 | Lair:3   | Reached XP level 13. HP: 35/81 MP: 12/20
 17510 | Lair:3   | Reached skill level 10 in Fighting
 17853 | Lair:3   | Reached skill level 10 in Unarmed Combat
 18693 | Lair:4   | Learned a level 5 spell: Lee's Rapid Deconstruction
 18832 | Lair:4   | Reached skill level 1 in Earth Magic
 19766 | Lair:4   | Found a staircase to the Snake Pit.
 20164 | Lair:5   | Identified the +6 dagger "Bedyb" {venom, MP+9}
 20178 | Lair:5   | Reached skill level 10 in Evocations
 20286 | Lair:5   | Reached XP level 14. HP: 89/89 MP: 17/21
 20361 | Lair:5   | Noticed Josephine
 20369 | Lair:5   | Killed Josephine
 21432 | Lair:5   | Reached skill level 5 in Earth Magic
 21488 | Lair:6   | Entered Level 6 of the Lair of Beasts
 23809 | Lair:6   | Identified the +9 quarterstaff "Xisefe" {freeze, rElec
                  | rCorr Str+4 Dex+4}
 24045 | Lair:6   | Found a staircase to the Slime Pits.
 24292 | Orc:1    | Entered Level 1 of the Orcish Mines
 25166 | Orc:1    | Found a bloodstained altar of Trog.
 25858 | Orc:2    | Entered Level 2 of the Orcish Mines
 25862 | Orc:2    | Reached XP level 15. HP: 97/97 MP: 16/24
 26758 | Orc:2    | Found Beuhewn's Armour Boutique.
 26809 | Orc:2    | Found Ceggisol's Assorted Antiques.
 26964 | Orc:2    | Bought a scroll labelled CELICR GOEFU for 24 gold pieces
 26964 | Orc:2    | Bought a garnet ring for 120 gold pieces
 26964 | Orc:2    | Bought a glowing ruby potion for 21 gold pieces
 26964 | Orc:2    | Bought a scroll of identify for 48 gold pieces
 26964 | Orc:2    | Bought a sapphire potion for 21 gold pieces
 26964 | Orc:2    | Bought a scroll of identify for 48 gold pieces
 27023 | Orc:2    | Noticed Nessos
 27036 | Orc:2    | Killed Nessos
 28186 | Orc:2    | Found a staircase to the Elven Halls.
 28356 | Orc:2    | Found Imuuheir's Book Shoppe.
 28374 | Orc:2    | Bought a book of Sloth for 504 gold pieces
 28381 | Orc:2    | Learned a level 6 spell: Statue Form
 28454 | Orc:2    | Noticed an orc warlord
 28479 | Orc:2    | Killed an orc warlord
 28577 | Orc:2    | Found Hixud's Weapon Boutique.
 29413 | D:7      | Bought a ring of wizardry for 420 gold pieces
 30110 | D:4      | Killed Crazy Yiuf
 30251 | D:5      | Killed Prince Ribbit
 30310 | D:6      | Killed amoeba's ghost
 30311 | D:6      | Reached skill level 1 in Shields
 30404 | D:7      | Killed Harold
 30912 | D:10     | Found Naelonn's General Store.
 30915 | D:10     | Bought a potion of lignification for 39 gold pieces
 30915 | D:10     | Bought a scroll of identify for 26 gold pieces
 30915 | D:10     | Bought a +4 ring of protection for 468 gold pieces
 31674 | D:11     | Reached skill level 10 in Transmutations
 32063 | D:12     | Reached skill level 10 in Earth Magic
 32536 | D:12     | Reached ****** piety under Hepliaklqana
 32861 | D:13     | Reached XP level 16. HP: 102/102 MP: 26/26
 33098 | D:13     | You fall into a shaft and drop 2 floors!
 33098 | D:15     | Entered Level 15 of the Dungeon
 33119 | D:14     | Found a gate leading to a gauntlet.
 33128 | Gauntlet | Entered a Gauntlet
 33128 | Gauntlet | Found a transporter.
 33132 | Gauntlet | Found a transporter.
 33136 | Gauntlet | Found a transporter.
 33141 | Gauntlet | Found a transporter.
 33144 | Gauntlet | Found a runed translucent gate.
 33145 | Gauntlet | Found a transporter.
 33146 | Gauntlet | Found a runed translucent gate.
 33147 | Gauntlet | Found a runed translucent gate.
 33149 | Gauntlet | Found a transporter.
 33155 | Gauntlet | Found a transporter.
 33162 | Gauntlet | Found a transporter.
 33163 | Gauntlet | Found a transporter.
 33169 | Gauntlet | Found a transporter.
 33173 | Gauntlet | Found a transporter.
 33177 | Gauntlet | Found a transporter.
 33183 | Gauntlet | Found a transporter.
 33187 | Gauntlet | Found a transporter.
 33299 | Gauntlet | Reached skill level 5 in Shields
 33323 | Gauntlet | Paralysed by a floating eye for 4 turns
 33327 | Gauntlet | Gained mutation: Your body sometimes deteriorates upon
                  | taking damage. [a shining eye]
 33649 | Gauntlet | Identified the +3 hand axe "Waischom" {vorpal, +Blink rC+}
 33649 | Gauntlet | Identified the +8 hand crossbow "Eckebre" {elec, rElec rC-
                  | Dex+2 SInv}
 34447 | D:14     | Found a gate to the Vaults.
 34572 | D:14     | Found a runed translucent gate.
 34583 | D:14     | Found a runed translucent gate.
 34584 | D:14     | Noticed PeterMcNeter's ghost (adept GrEE)
 34587 | D:14     | Found a runed translucent gate.
 35482 | D:15     | Found a hide-covered altar of Uskayaw.
 35762 | D:15     | Reached skill level 10 in Shields
 36262 | D:15     | Found a staircase to the Depths.
 36815 | Snake:1  | Entered Level 1 of the Snake Pit
 37092 | D:7      | Bought an amulet of reflection for 420 gold pieces
 37443 | Snake:1  | Found Xokhuon's Neck Hole.
 37612 | Snake:1  | You are sucked into a shaft and drop 1 floor!
 37625 | Snake:1  | Reached XP level 17. HP: 107/107 MP: 27/27
 38955 | Snake:2  | Noticed Aizul
 38963 | Snake:2  | Killed Aizul
 39508 | Snake:2  | You are sucked into a shaft and drop 1 floor!
 39520 | Snake:3  | Noticed Vashnia
 39865 | Snake:2  | Found Xeliffut's Antique Weapon Shop.
 40068 | Snake:2  | Found a glowing silver altar of Zin.
 40193 | Snake:2  | Found Okkaofalo's Antique Weapon Boutique.
 40197 | Snake:2  | Found Fotom's Weapon Boutique.
 41112 | Snake:3  | Killed Vashnia
 41207 | Snake:1  | Bought the amulet "Meihumm" {Reflect rC+ SH+5} for 660 gold
                  | pieces
 41363 | Snake:3  | Reached XP level 18. HP: 113/113 MP: 28/28
 42199 | Snake:4  | Entered Level 4 of the Snake Pit
 42401 | Snake:4  | Reached skill level 15 in Shields
 42426 | Snake:4  | Reached skill level 5 in Dodging
 43240 | Snake:4  | Got a serpentine rune of Zot
 43962 | Swamp:1  | Entered Level 1 of the Swamp
 44058 | Swamp:1  | Learned a level 5 spell: Borgnjor's Vile Clutch
 44302 | Swamp:1  | Reached skill level 1 in Necromancy
 44823 | Swamp:2  | Reached XP level 19. HP: 121/121 MP: 23/29
 44943 | Swamp:2  | Found a runed translucent gate.
 44943 | Swamp:2  | Found a runed translucent gate.
 44943 | Swamp:2  | Found a runed translucent gate.
 45014 | Swamp:2  | Noticed Suryr's ghost (adept GnWz)
 45014 | Swamp:2  | Noticed xfalz's ghost (journeyman GnSk)
 45015 | Swamp:2  | Noticed Suryr's ghost (adept GnWz)
 45028 | Swamp:2  | Killed Suryr's ghost
 45038 | Swamp:2  | Killed xfalz's ghost
 45042 | Swamp:2  | Killed Suryr's ghost
 46309 | Swamp:4  | Entered Level 4 of the Swamp
 46375 | Swamp:4  | Reached skill level 5 in Necromancy
 47342 | Swamp:4  | Noticed Bai Suzhen
 47357 | Swamp:4  | Killed Bai Suzhen
 47358 | Swamp:4  | Reached XP level 20. HP: 129/129 MP: 27/30
 47565 | Swamp:4  | Got a decaying rune of Zot
 47832 | Vaults:1 | Entered Level 1 of the Vaults
 47928 | Vaults:1 | Found a crumbling gateway.
 48000 | Desolati | Entered the Desolation of Salt
 48520 | Desolati | Reached skill level 10 in Dodging
 48876 | Desolati | Reached skill level 15 in Unarmed Combat
 48942 | Desolati | Reached skill level 15 in Fighting
 48944 | Desolati | Identified the ring "Miastrurph" {rPois rN++ Will+ rCorr
                  | Str-2}
 49212 | Desolati | Identified the +3 hunting sling of Trauma {flame, rN+
                  | Will+}
 49214 | Desolati | Identified the ring of Spite {Ice rCorr}
 49220 | Desolati | Identified the +2 leather armour of the Fiend {Str+3}
 49221 | Desolati | Identified the ring of Caresch {*Corrode AC+4 Str+8 Int-4
                  | Dex+8}
 49440 | Desolati | Identified the +6 glaive of Turmoil {drain, +Rage Will++
                  | Dex+3}
 50080 | Vaults:1 | Noticed Saint Roka
 50092 | Vaults:1 | Killed Saint Roka
 50310 | Vaults:1 | Reached XP level 21. HP: 136/136 MP: 27/31
 50567 | Vaults:1 | Noticed Asterion
 50569 | Vaults:1 | Gained mutation: You are frail. (-10% HP) [a cacodemon]
 50578 | Vaults:1 | Killed Asterion
 52147 | Vaults:2 | Noticed Rupert
 52150 | Vaults:2 | Noticed Sojobo
 52407 | Vaults:2 | Killed Rupert
 52415 | Vaults:2 | Killed Sojobo
 52520 | Vaults:2 | Found a staircase to the Crypt.
 53039 | Vaults:3 | Reached skill level 10 in Necromancy
 53746 | Vaults:3 | Reached XP level 22. HP: 88/128 MP: 26/32
 55288 | Vaults:4 | Found a runed translucent gate.
 55288 | Vaults:4 | Found a runed translucent gate.
 55288 | Vaults:4 | Found a runed translucent gate.
 55289 | Vaults:4 | Found an opulent altar of Gozag.
 55290 | Vaults:4 | Found Qiwoegri's Assorted Antiques.
 55290 | Vaults:4 | Noticed Tang's ghost (master DsGl)
 55307 | Vaults:4 | Found Ziaj's Assorted Antiques.
 56244 | Depths:1 | Entered Level 1 of the Depths
 56613 | Depths:1 | Found a gateway to a ziggurat.
 56953 | Depths:1 | Noticed Mara
 56969 | Depths:1 | Killed Mara
 57570 | Depths:1 | Found a gateway to Hell.
 58115 | Depths:1 | Reached XP level 23. HP: 130/133 MP: 22/34
 58610 | Depths:2 | Got the Grimoire of Moulding and Earth
 58692 | Depths:2 | Found a one-way gate to the infinite horrors of the Abyss.
 59193 | Depths:2 | Noticed a golden dragon
 59200 | Depths:2 | Killed a golden dragon
 59324 | Depths:2 | Found the +5 scythe "Finisher" {speed, eviscerate}
 59326 | Depths:2 | Got the Grimoire of the Spatial Blaze
 59332 | Depths:2 | Learned a level 2 spell: Blink
 59485 | Depths:3 | Reached skill level 15 in Dodging
 59764 | Depths:3 | Noticed a caustic shrike
 59768 | Depths:3 | Killed a caustic shrike
 59999 | Depths:3 | Found a one-way gate leading to the halls of Pandemonium.
 60019 | Depths:3 | Identified the +1 chain mail of Zomu {Will- Int+8}
 60518 | Depths:3 | Found Kiemil's Book Shop.
 60519 | Depths:3 | Found Rosuoruc's Jewellery Shoppe.
 60521 | Depths:3 | Found Axazuamu's Book Shop.
 60633 | Depths:3 | Found a burning altar of Makhleb.
 60685 | Depths:3 | Found a glowing golden altar of the Shining One.
 60898 | Depths:4 | Noticed a juggernaut
 60904 | Depths:4 | Killed a juggernaut
 61008 | Depths:4 | Noticed Frederick
 61017 | Depths:4 | Killed Frederick
 61289 | Depths:4 | Reached XP level 24. HP: 140/140 MP: 36/36
 61496 | Depths:4 | Noticed a juggernaut
 61503 | Depths:4 | Killed a juggernaut
 61554 | Depths:4 | Noticed a caustic shrike
 61559 | Depths:4 | Killed a caustic shrike
 62439 | Depths:4 | Identified the ring of Zerphemo {rC+ rN+ Str-4 Dex+4
                  | Stlth+}
 62460 | Depths:4 | Found the ring of the Octopus King
 62470 | Depths:4 | Identified a ring of the Octopus King {MP+9 AC+1 EV+1 Str+1
                  | Int+1 Dex+1}
 63226 | Depths:5 | Entered Level 5 of the Depths
 64184 | Depths:5 | Reached skill level 1 in Throwing
 64578 | Depths:5 | Reached XP level 25. HP: 146/146 MP: 31/36
 64666 | Depths:5 | Identified the +4 long sword of Somewhere Else {venom,
                  | rN+++ Str-2 Int+4}
 64921 | Depths:5 | Found a gate to the Realm of Zot.
 64962 | Depths:5 | ABBCCCDDDD: !polytheist abbcccdddd
 64962 | Depths:5 | beem: Unwon gods for abbcccdddd: Elyvilon, Ignis, Zin
 64971 | Depths:5 | Learned a level 8 spell: Borgnjor's Revivification
 65096 | Depths:3 | Bought a manual of Spellcasting for 1520 gold pieces
 65440 | Vaults:5 | Entered Level 5 of the Vaults
 65708 | Vaults:5 | Reached skill level 10 in Spellcasting
 65802 | Vaults:5 | Reached skill level 5 in Throwing
 66205 | Vaults:5 | Identified the +0 robe of the Harp {rElec Str+4 Archmagi}
 66224 | Vaults:5 | Got the Almanac of Feathery Orientation
 66313 | Vaults:5 | Identified the +9 broad axe "Warorus" {flame, rPois Str+2
                  | Dex+4}
 67113 | Vaults:5 | Got the Disquisition on the Mountains and Darkness
 67337 | Vaults:5 | Reached XP level 26. HP: 154/154 MP: 36/39
 67946 | Vaults:5 | Got a silver rune of Zot
 68038 | Vaults:5 | Got the Handbook of Creative Clay
 68535 | Crypt:1  | Entered Level 1 of the Crypt
 69121 | Crypt:1  | Upgraded the game from 0.27.1 to 0.27.1-1-g398f81649c
 69784 | Crypt:1  | Found a runed door.
 69930 | Crypt:1  | Identified the ring "Qaoxo" {Str+6 Stlth+}
 69931 | Crypt:1  | Noticed an ancient lich
 69941 | Crypt:1  | Killed an ancient lich
 70167 | Crypt:1  | Acquired the +1 hat of the Shore {rF+ Regen+}
 70718 | Crypt:2  | Noticed Khufu
 70732 | Crypt:2  | Killed Khufu
 70806 | Crypt:2  | Identified the +1 robe "Melaosch" {MP+9}
 70841 | Crypt:2  | Noticed a royal mummy
 70848 | Crypt:2  | Killed a royal mummy
 70849 | Crypt:2  | Reached skill level 15 in Spellcasting
 71284 | Crypt:3  | Entered Level 3 of the Crypt
 71315 | Crypt:3  | Reached XP level 27. HP: 160/160 MP: 41/42
 71362 | Crypt:3  | Found a runed translucent door.
 71362 | Crypt:3  | Found a shimmering altar of Xom.
 71362 | Crypt:3  | Noticed Vailuoroe's ghost (veteran GrEE)
 71589 | Crypt:3  | Found a basalt altar of Yredelemnul.
 71632 | Crypt:3  | Noticed a dread lich
 71643 | Crypt:3  | Killed a dread lich
 71774 | Crypt:3  | Got the Almanac of the Curious Ghosts
 72147 | Crypt:3  | Found a staircase to the Tomb.
 72656 | Crypt:3  | Killed Vailuoroe's ghost
 72657 | Crypt:3  | Identified the +0 robe of Kamiuc {rCorr}
 73087 | Zot:1    | Entered Level 1 of the Realm of Zot
 73956 | Zot:2    | HP: 7/213 [yellow draconian (9)]
 73956 | Zot:2    | Mangled by a tentacled monstrosity

Table legend: (Time is in decaauts)
 A = Elapsed time spent in this place.
 B = Non-inter-level travel time spent in this place.
 C = Inter-level travel time spent in this place.
 D = Time resting spent in this place.
 E = Time spent auto-exploring this place.
 F = Levels seen in this place.
 G = Mean time per level.
                   A        B        C        D        E       F      G
               +--------+--------+--------+--------+--------+-----+--------+
         Total |  81013 |  76088 |   4925 |  21175 |  39642 |  50 | 1620.3 |
       Dungeon |  21399 |  19300 |   2099 |   5129 |  10172 |  15 | 1426.6 |
          Lair |  10818 |  10133 |    685 |   4055 |   4467 |   6 | 1803.0 |
         Swamp |   4662 |   4509 |    153 |    863 |   2644 |   4 | 1165.5 |
     Snake Pit |   7812 |   7433 |    379 |   2373 |   3676 |   4 | 1953.0 |
  Orcish Mines |   4492 |   4436 |     56 |   1881 |   1800 |   2 | 2246.0 |
        Vaults |  11550 |  10809 |    741 |   2058 |   6956 |   5 | 2310.0 |
         Crypt |   5107 |   4965 |    142 |    669 |   2808 |   3 | 1702.3 |
        Depths |  10704 |  10095 |    609 |   2748 |   5690 |   5 | 2140.8 |
           Zot |    927 |    870 |     57 |    161 |    483 |   2 |  463.5 |
         Sewer |    573 |    573 |      0 |    122 |    288 |   1 |  573.0 |
        Bailey |    547 |    547 |      0 |    130 |     90 |   1 |  547.0 |
    Desolation |   1821 |   1821 |      0 |    779 |    567 |   1 | 1821.0 |
      Gauntlet |    594 |    594 |      0 |    204 |      0 |   1 |  594.0 |
               +--------+--------+--------+--------+--------+-----+--------+

Top non-repeatable levels by time:
   Orc:2: 3422 daAuts
     D:9: 3022 daAuts
Vaults:5: 2955 daAuts
Depths:4: 2758 daAuts
 Snake:1: 2528 daAuts
  Lair:6: 2492 daAuts
 Crypt:1: 2370 daAuts
Depths:1: 2351 daAuts
Vaults:1: 2341 daAuts
Depths:5: 2339 daAuts
Vaults:3: 2333 daAuts
     D:7: 2199 daAuts
    D:14: 2169 daAuts
  Lair:3: 2039 daAuts
 Snake:3: 2038 daAuts

Table legend:
 A = Kills in this place as a percentage of kills in entire the game.
 B = Kills by you in this place as a percentage of kills by you in the entire game.
 C = Kills by friends in this place as a percentage of kills by friends in the entire game.
 D = Other kills in this place as a percentage of other kills in the entire game.
 E = Experience gained in this place as a percentage of experience gained in the entire game.
 F = Experience gained in this place divided by the number of levels of this place that you have seen.
                   A       B       C       D       E      F
               +-------+-------+-------+-------+-------+----------------------
         Total | 100.0 | 100.0 | 100.0 | 100.0 | 100.0 | 28094.2
       Dungeon |  18.1 |  19.1 |  15.6 |  16.7 |   5.6 | 5203.9
          Lair |  10.7 |  11.8 |   8.0 |   0.0 |   4.9 | 11424.3
         Swamp |   6.2 |   4.7 |  10.1 |   0.0 |   6.9 | 24280.0
     Snake Pit |   9.4 |   9.5 |   9.3 |   0.0 |   9.0 | 31750.8
  Orcish Mines |   8.1 |   9.1 |   5.7 |   0.0 |   1.7 | 12153.5
        Vaults |  16.6 |  16.4 |  17.0 |  16.7 |  25.9 | 72636.2
         Crypt |  11.0 |  10.2 |  12.8 |  16.7 |  16.6 | 77550.0
        Depths |  12.0 |  11.0 |  14.5 |  33.3 |  22.5 | 63177.0
           Zot |   1.3 |   1.3 |   1.0 |  16.7 |   3.2 | 22436.0
         Sewer |   1.1 |   1.5 |   0.0 |   0.0 |   0.0 |  53.0
        Bailey |   0.6 |   0.8 |   0.3 |   0.0 |   0.1 | 915.0
    Desolation |   3.9 |   3.5 |   4.8 |   0.0 |   3.2 | 45493.0
      Gauntlet |   0.9 |   1.0 |   0.8 |   0.0 |   0.5 | 6629.0
               +-------+-------+-------+-------+-------+----------------------

Action                   |  1- 3 |  4- 6 |  7- 9 | 10-12 | 13-15 | 16-18 | 19-21 | 22-24 | 25-27 || total
-------------------------+-------+-------+-------+-------+-------+-------+-------+-------+-------++-------
Melee: Short sword       |    54 |   159 |    82 |     6 |     6 |       |       |       |       ||   307
       Constrict         |    14 |    31 |    19 |     1 |     6 |    76 |    89 |    84 |   167 ||   487
       Tentacles         |     8 |    27 |    22 |     1 |     8 |    94 |   111 |   131 |   200 ||   602
       Unarmed           |       |       |     1 |   231 |   502 |   635 |   664 |   770 |   883 ||  3686
       Punch             |       |       |       |       |    10 |    43 |    71 |   104 |   135 ||   363
       Dagger            |       |       |       |       |     1 |       |       |       |       ||     1
Throw: Dart              |     2 |     7 |    61 |     8 |     2 |     1 |       |       |       ||    81
       Boomerang         |       |       |   100 |       |       |       |       |       |       ||   100
       Javelin           |       |       |       |       |       |       |       |     1 |       ||     1
 Cast: Frozen Ramparts   |       |     1 |    19 |    43 |    71 |    35 |    11 |     5 |     9 ||   194
       Ice Form          |       |       |     1 |    42 |   102 |     1 |       |       |       ||   146
       Hailstorm         |       |       |       |    20 |    87 |    15 |     2 |       |       ||   124
       Statue Form       |       |       |       |       |    16 |    87 |    72 |    87 |    80 ||   342
       Lee's Rapid Decon |       |       |       |       |     6 |       |    14 |     1 |       ||    21
       Borgnjor's Vile C |       |       |       |       |       |       |     6 |     4 |     1 ||    11
       Blink             |       |       |       |       |       |       |       |       |     2 ||     2
Invok: Recall Ancestor   |       |       |     1 |     1 |       |     5 |       |     2 |       ||     9
       Ancestor Life: Ba |       |       |     1 |       |       |       |       |       |       ||     1
 Abil: End Transformatio |       |       |       |       |     2 |       |       |       |       ||     2
Evoke: Wand              |       |     5 |    32 |    14 |    40 |     6 |     1 |     2 |     8 ||   108
       Condenser vane    |       |       |       |       |       |     1 |     1 |       |     1 ||     3
       Phantom mirror    |       |       |       |       |       |       |     1 |       |       ||     1
  Use: Scroll            |     1 |     1 |       |     6 |     8 |     9 |    11 |     1 |     7 ||    44
       Potion            |       |       |     1 |       |       |     3 |     3 |     2 |     5 ||    14
 Stab: Sleeping          |    11 |    31 |    12 |     9 |    13 |    14 |     9 |     8 |     9 ||   116
       Distracted        |       |       |     1 |     6 |     6 |    12 |    21 |    17 |    18 ||    81
       Confused          |       |       |       |     1 |       |       |       |       |       ||     1
       Paralysed         |       |       |       |       |     1 |       |       |       |       ||     1
Armor: Skin              |     6 |    20 |     7 |    70 |   159 |   451 |   455 |   294 |   329 ||  1791
Dodge: Dodged            |    32 |    80 |    47 |    88 |   173 |   345 |   449 |   364 |   542 ||  2120
Block: Buckler           |       |       |       |       |    15 |   197 |       |       |       ||   212
       Reflection        |       |       |       |       |       |    81 |    36 |    31 |    14 ||   162
       Kite shield       |       |       |       |       |       |   388 |   891 |   769 |   908 ||  2956

Vanquished Creatures
  Khufu (Crypt:2)
  Mara (Depths:1)
  Sojobo (Vaults:2)
  Bai Suzhen (Swamp:4)
  Frederick (Depths:4)
  A caustic shrike (Depths:3)
  2 golden dragons
  A bone dragon (Crypt:3)
  The ghost of Vailuoroe the Devastator, a veteran GrEE of Lugonu (Crypt:3)
  4 tentacled monstrosities
  An electric golem (Zot:1)
  Rupert (Vaults:2)
  A hellephant (Depths:3)
  6 liches
  Asterion (Vaults:1)
  The ghost of Suryr the Thaumaturge, an adept GnWz of Sif Muna (Swamp:2)
  2 quicksilver dragons
  4 titans (Vaults:5)
  4 sphinxes (Crypt:2)
  6 ancient champions
  8 storm dragons
  3 tengu reavers
  7 frost giants
  2 orc warlords
  4 fire giants
  3 nagarajas (Snake:4)
  11 shadow dragons
  A deep elf sorcerer (Vaults:5)
  3 draconian knights
  2 imperial myrmidons (Desolation)
  16 vault wardens
  A ghoul (Crypt:2)
  2 draconian stormcallers (Zot:1)
  3 iron dragons
  4 curse skulls
  7 ironbound preservers
  A draconian annihilator (Crypt:1)
  A quicksilver ooze (shapeshifter) (Vaults:5)
  5 vampire knights
  5 spriggan defenders
  6 war gargoyles
  19 very ugly things
  12 stone giants
  4 deep elf demonologists
  2 green draconians (Zot:1)
  Nessos (Orc:2)
  A purple draconian (Zot:1)
  A deep elf annihilator (Crypt:1)
  A halazid warlock (Desolation)
  2 bunyips
  3 spark wasps (Depths:4)
  A red draconian (Zot:1)
  2 dire elephants (Vaults:3)
  A yellow draconian (Zot:2)
  A white draconian (Depths:5)
  A minotaur (Gauntlet)
  2 eleionomae
  A deep elf death mage (Crypt:3)
  4 crystal guardians
  12 ettins
  4 mummy priests (Crypt:2)
  Josephine (Lair:5)
  8 ragged hierophants (Desolation)
  7 fire dragons
  7 great orbs of eyes
  5 ironbound thunderhulks
  5 jiangshi
  15 naga warriors
  Harold (D:7)
  12 yaktaur captains
  Fannar (Lair:3)
  30 vault guards
  3 servants of whispers (Desolation)
  A salamander tyrant (Snake:3)
  5 peacekeepers
  19 hydras
  A hell beast (Depths:1)
  A rakshasa (Depths:2)
  9 ice dragons
  3 ogre magi
  6 spriggan air magi
  A death knight (Crypt:1)
  Erica (Lair:1)
  5 alligators
  2 catoblepae
  7 centaur warriors
  12 anacondas
  5 death yaks (Lair:6)
  7 two-headed ogres
  3 vampire magi
  A dancing weapon (Crypt:3)
  8 spriggan berserkers
  A tengu warrior (Depths:2)
  7 hell hogs (Depths:3)
  10 deep troll shamans
  7 deep troll earth magi
  7 naga sharpshooters
  5 orc high priests (Orc:2)
  6 soul eaters
  A shock serpent (shapeshifter) (Vaults:5)
  A sun demon (Depths:1)
  10 shock serpents
  4 ironbound beastmasters
  5 hell knights (Depths:4)
  38 skeletal warriors
  A fire crab (shapeshifter) (D:14)
  A shadow wraith (Crypt:2)
  The ghost of amoeba the Cleaver, a novice MiGl of Okawaru (D:6)
  2 salamander mystics
  13 iron trolls
  A quicksilver dragon simulacrum (Depths:1)
  A titan skeleton (Crypt:3)
  A storm dragon skeleton (Crypt:3)
  A deep troll (shapeshifter) (Depths:3)
  3 goliath frogs
  2 glowing orange brains
  6 swamp dragons
  2 bog bodies
  4 death drakes
  3 flayed ghosts
  3 spriggan druids
  23 deep trolls
  6 naga ritualists
  2 lindwurms (Vaults:1)
  4 necromancers
  13 phantasmal warriors
  A golden dragon skeleton (Crypt:3)
  7 orc knights
  2 deep elf pyromancers
  11 wizards
  13 ironbound convokers
  4 orc sorcerers
  39 ugly things
  2 shadow dragon skeletons (Crypt:3)
  8 mana vipers
  A shining eye (Gauntlet)
  An eleionoma zombie (Crypt:1)
  4 cyclopes
  4 will-o-the-wisps
  A cyclops (shapeshifter) (Vaults:5)
  9 salamanders
  A manticore (D:14)
  A dire elephant zombie (Crypt:2)
  A fire giant skeleton (Depths:1)
  5 naga magi
  A frost giant skeleton (Crypt:3)
  6 elephants
  8 guardian serpents
  An iron dragon skeleton (Crypt:1)
  37 black mambas
  4 moths of wrath (Zot:1)
  10 vault sentinels
  2 torpor snails (Lair:4)
  A molten gargoyle (Gauntlet)
  25 cane toads
  2 gargoyles
  A stone giant skeleton (Crypt:3)
  A red draconian zombie (Crypt:2)
  4 rime drakes
  A cane toad (shapeshifter) (D:13)
  6 komodo dragons
  2 dire elephant skeletons
  2 tengu conjurers
  3 guardian mummies (Crypt:3)
  19 yaktaurs
  2 freezing wraiths
  10 trolls
  A queen bee (shapeshifter) (D:14)
  A polar bear (Lair:5)
  A hornet (shapeshifter) (Vaults:5)
  A hydra skeleton (Crypt:3)
  31 saltlings (Desolation)
  8 tyrant leeches
  An ettin zombie (Crypt:3)
  21 blink frogs
  Prince Ribbit (D:5)
  A moth of wrath zombie (Crypt:1)
  12 hornets
  23 slime creatures
  6 flying skulls (Crypt:3)
  3 shadows (Gauntlet)
  2 ettin skeletons (Crypt:3)
  6 wraiths
  2 water elementals (Depths:2)
  An ice dragon skeleton (Crypt:3)
  44 yaks
  A vampire (D:10)
  3 basilisks
  14 spriggans
  4 fire bats
  14 humans (D:14)
  2 wyverns (D:9)
  A golden eye (Gauntlet)
  A golden eye (shapeshifter) (D:15)
  Grum (Lair:1)
  3 chaos spawn (Gauntlet)
  14 vampire mosquitoes
  9 swamp worms
  An acid dragon (shapeshifter) (Depths:5)
  A warg (Vaults:5)
  3 acid dragons (D:9)
  33 nagas
  13 water moccasins
  2 floating eyes
  A merfolk skeleton (Crypt:3)
  4 black bears
  A swamp drake (Swamp:4)
  A sky beast (D:7)
  A lindwurm zombie (Crypt:3)
  3 necrophages
  30 orc warriors
  4 centaurs
  17 ogres
  11 wolves
  5 boggarts
  A swamp dragon skeleton (Crypt:3)
  A phantom (D:3)
  A hog skeleton (Crypt:3)
  15 bullfrogs
  A yaktaur skeleton (Crypt:1)
  A gnoll sergeant (D:11)
  4 scorpions
  A salamander skeleton (Crypt:3)
  A draconian skeleton (Crypt:3)
  A wyvern skeleton (D:6)
  7 killer bees
  A raiju zombie (Crypt:2)
  A spriggan skeleton (Crypt:3)
  7 wights
  An electric eel (Lair:6)
  2 howler monkeys (D:11)
  A raiju skeleton (Crypt:1)
  A jelly (D:7)
  A centaur zombie (D:10)
  25 orc priests
  Crazy Yiuf (D:4)
  A gnoll shaman (D:9)
  2 hounds
  Jessica (D:3)
  3 human skeletons (Crypt:3)
  18 orc wizards
  5 hell rats (Lair:2)
  A sky beast zombie (Crypt:2)
  8 mummies
  A howler monkey zombie (D:9)
  7 gnolls
  A howler monkey skeleton (D:5)
  2 adders
  A steam dragon skeleton (Crypt:2)
  A shadow imp (D:5)
  A white imp (D:6)
  An ufetubus (D:7)
  6 worms
  2 dart slugs
  106 orcs
  10 ball pythons
  15 bats
  14 endoplasms
  8 giant cockroaches
  11 goblins
  8 hobgoblins
  7 jackals
  9 kobolds
  5 quokkas
  7 frilled lizards
  An orc skeleton (Crypt:3)
  8 rats
  A briar patch (Swamp:3)
  2 pillars of salt (Vaults:1)
1574 creatures vanquished.

Vanquished Creatures (collateral kills)
  An ancient lich (Crypt:1)
  A dread lich (Crypt:3)
  2 juggernauts (Depths:4)
  A royal mummy (Crypt:2)
  Saint Roka (Vaults:1)
  Vashnia (Snake:3)
  A caustic shrike (Depths:4)
  A bone dragon (Crypt:3)
  A hellephant (Depths:3)
  3 tentacled monstrosities
  2 quicksilver dragons
  3 liches
  2 titans
  The ghost of Suryr the Thaumaturge, an adept GnWz of Sif Muna (Swamp:2)
  2 sphinxes
  5 ancient champions
  2 thorn hunters (Swamp:3)
  A tengu reaver (Vaults:5)
  A shadow dragon (shapeshifter) (Vaults:5)
  2 shadow dragons
  3 revenants
  2 fenstrider witches (Swamp:3)
  4 nagarajas
  3 fire giants
  A deep elf sorcerer (Vaults:5)
  3 frost giants
  Aizul (Snake:2)
  3 vault wardens
  A draconian shifter (Crypt:1)
  A juggernaut zombie (Crypt:3)
  A spriggan defender (Depths:5)
  A ghoul (Crypt:2)
  7 ironbound preservers
  A war gargoyle (Vaults:3)
  8 stone giants
  2 curse skulls
  The ghost of xfalz the Thaumaturge, a journeyman GnSk of Ashenzari (Swamp:2)
  5 draconian annihilators
  A green draconian (Depths:5)
  2 vampire knights
  5 very ugly things
  2 deep elf demonologists
  A purple draconian (Zot:1)
  A bunyip (Swamp:4)
  2 yellow draconians
  A spark wasp (Depths:4)
  2 eleionomae
  3 dire elephants (Vaults:1)
  8 ettins
  2 ragged hierophants (Desolation)
  A crystal guardian (Vaults:4)
  2 yaktaur captains
  2 shambling mangroves (Swamp:4)
  A deep elf death mage (Vaults:5)
  6 fire dragons
  A mummy priest (Crypt:2)
  A deep elf high priest (Depths:5)
  4 great orbs of eyes
  A jiangshi (Depths:1)
  An ironbound thunderhulk (Vaults:3)
  13 hydras
  4 vault guards
  2 rakshasas
  4 naga warriors
  2 servants of whispers (Desolation)
  A fenstrider witch zombie (Crypt:1)
  A boulder beetle (D:14)
  3 ice dragons
  3 spriggan air magi (Crypt:1)
  6 ironbound frosthearts
  5 peacekeepers
  A death knight (Crypt:1)
  2 centaur warriors
  2 deep troll shamans
  5 alligators
  A dancing weapon (D:6)
  A two-headed ogre (D:8)
  8 deep troll earth magi
  A death yak (Lair:6)
  3 vampire magi
  2 hell hogs (Depths:3)
  A spriggan berserker (Depths:4)
  An ironbound beastmaster (Vaults:1)
  4 tengu warriors
  A soul eater (Crypt:1)
  10 naga sharpshooters
  A salamander mystic (Snake:2)
  A shadow wraith (Crypt:3)
  15 skeletal warriors
  A storm dragon skeleton (Crypt:3)
  4 iron trolls
  4 goliath frogs
  A spriggan druid (Swamp:3)
  14 deep trolls
  4 swamp dragons
  A naga ritualist (Snake:4)
  A flayed ghost (Crypt:3)
  A glowing orange brain (Depths:5)
  An iron giant skeleton (Crypt:1)
  2 necromancers
  2 bog bodies (Swamp:1)
  5 ironbound convokers
  A golden dragon skeleton (Crypt:3)
  A lindwurm (Vaults:1)
  4 orc knights
  5 wizards
  7 phantasmal warriors
  A deep elf pyromancer (D:12)
  2 mana vipers (Snake:1)
  12 ugly things
  2 manticores
  6 cyclopes
  6 salamanders
  2 will-o-the-wisps
  3 guardian serpents
  5 black mambas
  A guardian serpent (shapeshifter) (Depths:5)
  A frost giant skeleton (Depths:1)
  6 naga magi
  5 vault sentinels
  A smoke demon (Depths:1)
  A water nymph (shapeshifter) (Depths:5)
  A molten gargoyle (Gauntlet)
  5 cane toads
  A gargoyle (D:11)
  An efreet (D:14)
  A dire elephant skeleton (Crypt:3)
  3 freezing wraiths
  A death yak zombie (Crypt:3)
  3 komodo dragons
  5 yaktaurs
  4 guardian mummies
  A silent spectre (Crypt:1)
  6 trolls
  A harpy zombie (Crypt:3)
  2 polar bears (Lair:6)
  5 hornets
  4 tyrant leeches
  9 slime creatures
  21 saltlings (Desolation)
  4 blink frogs
  A sphinx simulacrum (Depths:1)
  A slime creature (shapeshifter) (Vaults:5)
  A meliai zombie (D:10)
  3 shadows
  An ettin skeleton (Crypt:3)
  3 flying skulls (Crypt:3)
  2 wyverns
  8 spriggans
  6 humans (D:14)
  2 fire bats (Depths:1)
  2 basilisks
  A wraith (Lair:5)
  19 yaks
  A neqoxec (Gauntlet)
  3 vampire mosquitoes
  A chaos spawn (Depths:3)
  A warg (Orc:2)
  A harpy simulacrum (Crypt:3)
  5 swamp worms
  13 nagas
  2 acid dragons
  6 water moccasins
  An ice beast (D:7)
  5 swamp drakes (Swamp:4)
  12 orc warriors
  A black bear (D:9)
  A wolf (Lair:1)
  2 snapping turtle skeletons (Crypt:3)
  2 ogres (Orc:2)
  2 snapping turtle zombies
  3 centaurs
  2 kobold brigands
  4 bullfrogs
  An elf skeleton (Crypt:3)
  A scorpion (D:4)
  5 wights
  An electric eel (Lair:5)
  2 centaur zombies
  A jelly (D:6)
  8 orc priests
  A centaur skeleton (D:5)
  An iguana (Orc:1)
  2 orc wizards
  A hell rat (Lair:2)
  A killer bee zombie (D:9)
  A gnoll (D:9)
  2 white imps
  22 orcs
  A bat zombie (Crypt:3)
  2 goblins (D:8)
  2 kobolds (D:8)
  A river rat skeleton (Crypt:3)
  A briar patch (Swamp:3)
602 creatures vanquished.

Vanquished Creatures (others)
  A frost giant (Depths:3)
  A draconian knight (Zot:1)
  2 fire giants
  A hydra (Lair:6)
  A two-headed ogre (D:10)
  A skeletal warrior (Crypt:3)
  A wizard (Vaults:3)
  A moth of wrath (Zot:2)
  A guardian serpent (Desolation)
  An unseen horror (D:10)
  A troll (Orc:2)
  2 bloated husks
  A hornet (Depths:5)
  A saltling (Desolation)
  A centaur simulacrum (D:14)
  A human (Crypt:1)
  A wyvern (D:10)
  A yak (D:10)
  A centaur (D:10)
  A howler monkey (D:10)
  A centaur zombie (D:10)
  2 orc wizards
  62 battlemagi
  3 ancestors
  An orc (Orc:2)
  21 foxfires
  50 fungi
  109 plants
271 creatures vanquished.

Grand Total: 2447 creatures vanquished
